 Dungeon Sprint DCSS version 0.29-a0-297-g7659ce593d (webtiles) character file.

Game seed: 16406997737245565699

6400 namelastname112 the Cleaver (level 10, -10/103 HPs)
             Began as a Deep Dwarf Fighter on Mar 20, 2022.
             Was the Champion of Makhleb.
             Killed from afar by a deep elf annihilator (36 damage)
             ... with a poison arrow
             ... in the Dungeon (Sprint V: "Ziggurat Sprint").
             The game lasted 00:02:49 (317 turns).

namelastname112 the Cleaver (Deep Dwarf Fighter)     Turns: 317, Time: 00:02:50

Health: -10/103    AC: 30    Str: 30    XL:     10   Next: 66%
Magic:  10/10      EV:  2    Int: 13    God:    Makhleb [******]
Gold:   0          SH: 30    Dex: 12    Spells: 9/9 levels left

rFire   . . .      SeeInvis +   F - +14 obsidian axe {vorpal, Mesm Drain Fly SInv}
rCold   . . .      Faith    +   H - +18 shield of the Gong {rElec rN+ Will+ EV-5}
rNeg    + . .      Spirit   .   G - +15 Maxwell's patent armour {-Cast -Tele rElec Will+ rCorr}
rPois   .          Reflect  .   (no helmet)
rElec   +          Harm     .   (no cloak)
rCorr   +          Rampage  .   (no gloves)
Will    +++..      NoTele   +   (no boots)
Stlth   .......... NoCast   +   I - amulet of faith
HPRegen 0.00/turn               J - ring "Zis Lerphio" {Int+4 SInv}
MPRegen 0.12/turn               z - +6 ring of strength

@: lethally poisoned (-10 -> -14), flying, mesmerised
A: damage resistance, heal wounds, sense surroundings 2, no regeneration
a: Heal Wounds, Renounce Religion, Minor Destruction, Lesser Servant of Makhleb,
Major Destruction, Greater Servant of Makhleb


You were in the Dungeon.
You worshipped Makhleb.
Makhleb was exalted by your worship.
You visited 1 branch

Inventory:

Hand Weapons
 a - a +0 war axe
 F - the +14 obsidian axe (weapon) {vorpal, Mesm Drain Fly SInv}
   (You found it in the Dungeon)

   It inflicts extra damage upon your enemies.
   It occasionally summons demons to assist the wielder when it strikes in
   combat.
   Its wielder is mesmerised by any visible foes.
   It cannot be unequipped while any foes are visible.
   SInv:      It lets you see invisible.
   Fly:       It grants you flight.
   Drain:     It drains your maximum health when unequipped.
Armour
 b - a +0 scale mail
 c - a +0 buckler
 E - +5 gold dragon scales
 G - the +15 Maxwell's patent armour (worn) {-Cast -Tele rElec Will+ rCorr}
   (You found it in the Dungeon)

   rElec:     It insulates you from electricity.
   -Cast:     It prevents spellcasting.
   -Tele:     It prevents most forms of teleportation.
   rCorr:     It protects you from acid and corrosion.
   Will:      It increases your willpower.
 H - the +18 shield of the Gong (worn) {rElec rN+ Will+ EV-5}
   (You found it in the Dungeon)

   It is deafeningly noisy when blocking attacks.
   EV:        It affects your evasion (-5).
   rElec:     It insulates you from electricity.
   rN:        It protects you from negative energy.
   Will:      It increases your willpower.
Jewellery
 t - a ring of flight
 u - a +6 ring of dexterity
 v - a +6 ring of dexterity
 w - a +6 ring of intelligence
 x - a +6 ring of intelligence
 y - a +6 ring of strength
 z - a +6 ring of strength (right hand)
 I - an amulet of faith (around neck)
 J - the ring "Zis Lerphio" (left hand) {Int+4 SInv}
   (You found it in the Dungeon)

   [ring of see invisible]

   Int:       It affects your intelligence (+4).
   SInv:      It lets you see invisible.
 L - a ring of willpower
 M - the ring "Risedaig" {Ice rElec MP+9 Str-4 SInv}
   (You found it in the Dungeon)

   [ring of ice]

   It enhances your ice magic.
   Str:       It affects your strength (-4).
   rF:        It makes you vulnerable to fire.
   rC:        It protects you from cold.
   rElec:     It insulates you from electricity.
   MP:        It affects your magic capacity (+9).
   SInv:      It lets you see invisible.
 N - a +6 ring of dexterity
 O - a ring of wizardry
Wands
 A - a wand of mindburst (7)
 B - a wand of iceblast (7)
 C - a wand of acid (7)
Scrolls
 j - 4 scrolls of blinking
 n - 3 scrolls of brand weapon
 o - 4 scrolls of amnesia
 p - 7 scrolls of fog
 q - a scroll of holy word
 r - 5 scrolls of identify
 s - 2 scrolls of fear
Potions
 d - 6 potions of might
 e - 10 potions of curing
 f - 6 potions of heal wounds
 g - 6 potions of haste
 h - 7 potions of magic
 i - 3 potions of berserk rage
 k - 2 potions of brilliance
 l - 2 potions of invisibility
 m - 4 potions of resistance
Miscellaneous
 D - a lightning rod (4/4)
 K - a phantom mirror
 P - a box of beasts
 Q - a condenser vane
 R - a box of beasts


   Skills:
 + Level 10.7 Fighting
 + Level 14.6 Axes
 + Level 12.7 Armour
 + Level 12.7 Shields
 + Level 14.4 Evocations


You had 9 spell levels left.
You didn't know any spells.
Your spell library contained the following spells:

 Spells                   Type           Power      Damage    Failure   Level
 Foxfire                  Conj/Fire      0%         2x1d4     98%         1
 Ignite Poison            Fire/Tmut/Pois 0%         N/A       100%        3
 Spider Form              Tmut/Pois      0%         N/A       100%        3
 Leda's Liquefaction      Hex/Erth       0%         N/A       100%        4
 Olgreb's Toxic Radiance  Pois           0%         N/A       100%        4
 Blade Hands              Tmut           0%         N/A       100%        5
 Eringya's Noxious Bog    Tmut/Pois      0%         N/A       100%        6
 Dragon Form              Tmut           0%         N/A       100%        7
 Ozocubu's Refrigeration  Ice            0%         4d5       100%        7
 Ignition                 Fire           0%         3d3       100%        8


Dungeon Overview and Level Annotations

Branches:
Dungeon (1/1)

Altars:
Ashenzari
Cheibriados
Dithmenos
Elyvilon
Fedhas
Gozag
Hepliaklqana
Kikubaaqudgha
Makhleb
Nemelex Xobeh
Okawaru
Qazlal
Ru
Sif Muna
Trog
Uskayaw
Vehumet
Wu Jian
Xom
Yredelemnul
Zin
The Shining One
Beogh
Jiyva
Lugonu

Annotations:
D 1 transporter


Innate Abilities, Weirdness & Mutations

You are resistant to damage.
You can heal yourself by infusing magical energy.
You passively map the area around you.
You do not regenerate.


Message History

The bolt of lightning misses you!
The deep elf archer shoots an arrow!
SHROANNG!!!
You block the arrow! The earth elemental hits you!!!
The earth elemental hits you but does no damage!
You regained 4 hp, and now have 37/103 hp!
You carve the deep elf zephyrmancer like a ham!!!
The deep elf zephyrmancer is almost dead!
You chop the earth elemental into pieces!!!
You open the earth elemental like a pillowcase!
You block the deep elf zephyrmancer's attack!
PTOANNNG!!!
The deep elf archer shoots an arrow!
GONNNNG!!!
You block the arrow!
Your rust devil hits the earth elemental!
Your rust devil corrodes the earth elemental!!!
Your soul eater hits the deep elf zephyrmancer!!!
You are no longer entranced!
The deep elf zephyrmancer dies!!!
Makhleb roars: ANNIHILATED!
You open the earth elemental but do no damage!
The earth elemental is heavily damaged!
You open the earth elemental like a pillowcase!
Visions of slaying the earth elemental flood into your mind!
The deep elf archer shoots an arrow!
The arrow hits you!!! * * * don't die
* * * You block the earth elemental's attack!
GONNNNG!!!
You take 11 damage, and have 26/103 hp!
You carve the deep elf annihilator like a ham!!!
The deep elf annihilator is moderately wounded!
You chop the earth elemental into pieces!
The deep elf archer shoots an arrow!
The arrow hits you but does no damage!
You closely miss the deep elf annihilator!
The deep elf annihilator is moderately wounded!
You cut the earth elemental into ribbons!!!
The deep elf annihilator points at you and mumbles some strange words!
The poison arrow hits you!!!!!!!!!
You are poisoned! rip

▓.▓.....▓.▓.......▓
,
▓....©....▓...©...▓
*
▓▓▓▓▓▓▓▓▓▓▓▓▓▓▓▓▓▓▓
*, ,8 ,,
▓...8©8...▓ , ,
▓..[|))}.e▓
,,▓...|?|)..▓ , ,
▓....E....▓ ,
,▓...)e)...▓ , ,
▓...4@3...▓ ,
,▓...E.....▓ ,,, ,
,▓.▓.....▓.▓ ,
▓....©....▓ , ,
,▓▓▓▓▓▓▓▓▓▓▓ ** * *
* ** ,, , 8©8, , *
, , , , , , , , , ,


You could see a deep elf annihilator, a deep elf archer (repels missiles), 2
earth elementals, a friendly soul eater (summoned) and a friendly rust devil
(summoned).

Vanquished Creatures
  A deep elf sorcerer (D)
  A dancing weapon (D)
  2 deep elf pyromancers (D)
  A cane toad (D)
  A komodo dragon (D)
  A wind drake (D)
  2 jumping spiders (D)
  A neqoxec (D)
  A naga (D)
  A water moccasin (D)
  A wolf (D)
  A centaur (D)
  2 phantoms (D)
  A bullfrog (D)
  A necrophage (D)
  2 scorpions (D)
  A wight (D)
  An adder (D)
  3 river rats (D)
  3 ufetubi (D)
  An adder zombie (D)
  A jackal (D)
  2 ball pythons (D)
  A ball python skeleton (D)
  A quokka zombie (D)
34 creatures vanquished.

Vanquished Creatures (collateral kills)
  A deep elf zephyrmancer (D)
  3 merfolk (D)
  A wind drake (D)
  A large abomination (D)
  A yak (D)
  A wolf (D)
  2 phantoms (D)
  2 bullfrogs (D)
  An iguana (D)
  A river rat (D)
  An adder skeleton (D)
  A ball python zombie (D)
16 creatures vanquished.

Grand Total: 50 creatures vanquished

Notes
Turn   | Place    | Note
-------+----------+-------------------------------------------
     0 | D        | namelastname112 the Deep Dwarf Fighter began the quest for
                  | the Orb.
     0 | D        | Reached XP level 1. HP: 20/20 MP: 1/1
     0 | D        | Found a blossoming altar of Fedhas.
     0 | D        | Found the +6 Majin-Bo {vamp, MP+6 Int+6}
     0 | D        | Found the +9 heavy crossbow "Sniper" {vorpal, Acc+∞ SInv}
     0 | D        | Found the +10 dark maul {vorpal}
     0 | D        | Found the +15 Maxwell's patent armour {-Cast -Tele rElec
                  | Will+ rCorr}
     0 | D        | Found the +18 shield of the Gong {rElec rN+ Will+ EV-5}
     0 | D        | Found the +14 obsidian axe {vorpal, Mesm Drain Fly SInv}
     0 | D        | Found the +7 great mace "Firestarter" {inner flame, rF++}
     0 | D        | Found the +6 shillelagh "Devastator" {shatter}
     0 | D        | Found the +11 plutonium sword {Contam Stlth-}
     0 | D        | Found the +8 lance "Wyrmbane" {slay drac, rPois rF+ rC+
                  | AC+3}
     0 | D        | Found the +9 sword of Zonguldrok {reap}
     0 | D        | Found the +13 scythe of Curses {drain, Drain}
     0 | D        | Found the +5 sword of Power {vorpal}
     0 | D        | Found the +7 mace of Variability {chain chaos}
     0 | D        | Found the +7 Singing Sword {vorpal, sonic wave}
     0 | D        | Found the +8 storm bow {elec, penet}
     1 | D        | Found a shimmering blue altar of Sif Muna.
     1 | D        | Found a sacrificial altar of Ru.
     1 | D        | Found a bloodstained altar of Trog.
     1 | D        | Found a stormy altar of Qazlal.
     1 | D        | Found an iron altar of Okawaru.
     1 | D        | Found a sparkling altar of Nemelex Xobeh.
     3 | D        | Found a transporter.
     3 | D        | Found an ancient bone altar of Kikubaaqudgha.
     3 | D        | Found a viscous altar of Jiyva.
     3 | D        | Found a corrupted altar of Lugonu.
     3 | D        | Found a hazy altar of Hepliaklqana.
     3 | D        | Found a burning altar of Makhleb.
     3 | D        | Found an opulent altar of Gozag.
    49 | D        | Became a worshipper of Makhleb the Destroyer
    78 | D        | Reached XP level 2. HP: 27/27 MP: 2/2
    94 | D        | Entered arena 2.
    94 | D        | Noticed a naga
    94 | D        | Found a transporter.
    96 | D        | Reached skill level 1 in Evocations
   101 | D        | Killed a naga
   102 | D        | Reached skill level 5 in Armour
   102 | D        | Reached skill level 5 in Shields
   102 | D        | Reached XP level 3. HP: 21/36 MP: 3/3
   102 | D        | Reached XP level 4. HP: 26/44 MP: 4/4
   110 | D        | Entered arena 3.
   110 | D        | Noticed a water moccasin
   110 | D        | Found a transporter.
   113 | D        | Reached * piety under Makhleb
   114 | D        | Reached XP level 5. HP: 29/50 MP: 5/5
   118 | D        | Killed a water moccasin
   119 | D        | Reached skill level 5 in Fighting
   133 | D        | Entered arena 4.
   133 | D        | Noticed a jumping spider
   133 | D        | Noticed a jumping spider
   133 | D        | Found a transporter.
   137 | D        | Reached ** piety under Makhleb
   138 | D        | Reached skill level 10 in Axes
   138 | D        | Reached XP level 6. HP: 26/61 MP: 6/6
   138 | D        | Killed a jumping spider
   139 | D        | Reached XP level 7. HP: 34/69 MP: 7/7
   141 | D        | Killed a jumping spider
   141 | D        | Reached *** piety under Makhleb
   148 | D        | Entered arena 5.
   148 | D        | Found a transporter.
   154 | D        | Reached **** piety under Makhleb
   162 | D        | Got the ring "Zis Lerphio" {Int+4 SInv}
   167 | D        | Entered arena 6.
   167 | D        | Noticed a neqoxec
   167 | D        | Noticed a large abomination
   167 | D        | Found a transporter.
   171 | D        | Reached ***** piety under Makhleb
   174 | D        | Killed a neqoxec
   175 | D        | Reached XP level 8. HP: 25/80 MP: 8/8
   177 | D        | Killed a large abomination
   186 | D        | Entered arena 7.
   186 | D        | Noticed a cane toad
   186 | D        | Noticed a komodo dragon
   187 | D        | Found a transporter.
   190 | D        | Killed a cane toad
   191 | D        | Reached skill level 10 in Evocations
   191 | D        | Killed a komodo dragon
   194 | D        | Reached ****** piety under Makhleb
   195 | D        | Reached skill level 10 in Armour
   195 | D        | Reached skill level 10 in Shields
   195 | D        | Gained mutation: You passively map the area around you.
                  | [Deep Dwarf growth]
   195 | D        | Reached XP level 9. HP: 34/90 MP: 9/9
   201 | D        | Entered arena 8.
   201 | D        | Noticed a merfolk
   201 | D        | Noticed a wind drake
   201 | D        | Noticed a merfolk
   201 | D        | Noticed a wind drake
   201 | D        | Noticed a merfolk
   202 | D        | Found a transporter.
   207 | D        | Killed a merfolk
   208 | D        | Killed a merfolk
   210 | D        | Killed a merfolk
   216 | D        | Killed a wind drake
   220 | D        | Killed a wind drake
   230 | D        | Got the Reference Book on Earthen Contamination
   238 | D        | Entered arena 9.
   239 | D        | Found a transporter.
   253 | D        | Got Ymofek's Handbook of Fiery Transmutation
   256 | D        | Got the ring "Risedaig" {Ice rElec MP+9 Str-4 SInv}
   264 | D        | Entered arena 10.
   265 | D        | Found a transporter.
   303 | D        | Entered arena 11.
   303 | D        | Noticed a deep elf annihilator
   303 | D        | Noticed a deep elf pyromancer
   303 | D        | Noticed a +1 vampiric glaive
   303 | D        | Noticed a deep elf zephyrmancer
   303 | D        | Noticed a deep elf archer
   303 | D        | Noticed a deep elf sorcerer
   303 | D        | Noticed a deep elf pyromancer
   304 | D        | Found a transporter.
   311 | D        | Killed a deep elf sorcerer
   311 | D        | Killed a +1 vampiric glaive
   312 | D        | Reached skill level 10 in Fighting
   312 | D        | Reached XP level 10. HP: 29/103 MP: 10/10
   312 | D        | Killed a deep elf pyromancer
   313 | D        | Killed a deep elf pyromancer
   314 | D        | Killed a deep elf zephyrmancer
   317 | D        | Killed from afar by a deep elf annihilator

Illustrated notes

Levels and vault maps discovered:
D:        sprint_v [room_start, room_1, room_2, room_3, room_4, room_5, room_6,
          room_7, room_8, room_9, room_10, room_11, room_12, room_13, room_14,
          room_15, room_16, room_17, room_18, room_19, room_20, room_21,
          room_22, room_23, room_24, room_25, room_26, room_27]

Skill      XL: |  1  2  3  4  5  6  7  8  9 10 |
---------------+-------------------------------+-----
Axes           | 8 9 10 11 12 14 | 14.6
Evocations     | 4 6 7 9 11 13 14 | 14.4
Fighting       | 4 5 6 7 8 10 | 10.7
Armour         | 5 6 7 8 10 12 | 12.7
Shields        | 5 6 7 8 10 12 | 12.7

Action                   |  1- 3 |  4- 6 |  7- 9 | 10-12 || total
-------------------------+-------+-------+-------+-------++-------
Melee: Broad axe         |     7 |    11 |    50 |     6 ||    74
  Use: Potion            |     1 |       |     4 |       ||     5
Armor: Plate armour      |     1 |    11 |    27 |     2 ||    41
Dodge: Dodged            |       |     1 |     4 |     1 ||     6
Block: Kite shield       |     9 |    24 |    87 |     6 ||   126

Table legend: (Time is in decaauts)
 A = Elapsed time spent in this place.
 B = Non-inter-level travel time spent in this place.
 C = Inter-level travel time spent in this place.
 D = Time resting spent in this place.
 E = Time spent auto-exploring this place.
 F = Levels seen in this place.
 G = Mean time per level.
                   A        B        C        D        E       F      G
               +--------+--------+--------+--------+--------+-----+--------+
         Total |    326 |    326 |      0 |      0 |      0 |   1 |  326.0 |
       Dungeon |    326 |    326 |      0 |      0 |      0 |   1 |  326.0 |
               +--------+--------+--------+--------+--------+-----+--------+

Top non-repeatable levels by time:
       D: 326 daAuts
